 Dungeon Crawl Stone Soup version 0.31-a0-1074-g0b22e4e0f1 (webtiles) character file.

Game seed: 16489349790848900817

366 BigPumpCobain the Ruffian (level 6, -3/59 HPs)
             Began as a Troll Shapeshifter on Dec 8, 2023.
             Slain by a gnoll
             ... wielding a +0 flail
              (6 damage)
             ... on level 4 of the Dungeon.
             The game lasted 00:05:58 (2283 turns).

BigPumpCobain the Ruffian (Troll Shapeshifter)      Turns: 2283, Time: 00:05:59

Health: -3/59      AC:  4    Str: 25    XL:     6   Next: 40%
Magic:  5/5        EV:  9    Int:  6    God:
Gold:   157        SH:  0    Dex:  9    Spells: 5/5 levels left

rFire   . . .        n - +2 dagger (venom)
rCold   . . .        (no shield)
rNeg    . . .        a - +0 animal skin
rPois   .            (helmet currently unavailable)
rElec   .            (cloak currently unavailable)
rCorr   .            (gloves unavailable)
SInv    .            (boots unavailable)
Will    .....        m - amulet of the acrobat
Stlth   +            (no ring)
HPRegen 1.09/turn    (no ring)
MPRegen 0.09/turn

%: acrobat
@: lethally poisoned (-3 -> -4), beast-form
A: beast (slay +2), large, unfitting armour, claws 3, regeneration 1, shaggy fur
1, tough skin 1
a: Begin Untransformation


You were on level 4 of the Dungeon.
You were a hulking beast.
You visited 1 branch of the dungeon, and saw 4 of its levels.
You also visited: Sewer.

You collected 157 gold pieces.

Inventory:

Hand Weapons
 n - a +2 dagger of venom (weapon)
Armour
 a - a +0 animal skin (worn)
Jewellery
 l - a ring of magical power
 m - an amulet of the acrobat (around neck)
Talismans
 c - a beast talisman (active)
 d - a flux talisman
 z - a blade talisman
Wands
 o - a wand of iceblast (8)
Scrolls
 e - a scroll of blinking {unknown}
 f - a scroll of torment {unknown}
 i - 4 scrolls of enchant weapon {unknown}
 k - 2 scrolls of teleportation {unknown}
 p - 4 scrolls of identify {unknown}
 q - a scroll of enchant armour {unknown}
 s - a scroll of brand weapon {unknown}
 t - a scroll of vulnerability {unknown}
 u - a scroll of revelation {unknown}
 v - a scroll of immolation {unknown}
 y - a scroll of silence {unknown}
Potions
 b - a potion of lignification
 g - a potion of berserk rage {unknown}
 h - 3 potions of might {unknown}
 j - 2 potions of mutation {unknown}
 r - 2 potions of degeneration {unknown}
 w - a potion of curing {unknown}
 x - a potion of heal wounds {unknown}


   Skills:
 + Level 2.6 Fighting
 - Level 1.5 Dodging
 * Level 5.6 Unarmed Combat
 + Level 4.2 Shapeshifting


You had 5 spell levels left.
You didn't know any spells.
Your spell library contained the following spells:

 Spells                   Type           Power      Damage    Failure   Level
 Lesser Beckoning         Tloc           0%         N/A       58%         2
 Gell's Gravitas          Tloc           0%         N/A       83%         3
 Teleport Other           Tloc           0%         N/A       83%         3


Dungeon Overview and Level Annotations

Branches:
Dungeon (4/15)              Sewer (visited)
 Temple: D:4-7

Altars:
Vehumet

Annotations:
D:3 1 transporter, RockinRobin's ghost, amateur GnWn


Innate Abilities, Weirdness & Mutations

You are a hulking beast.
Your limbs bulge with bestial killing power. (Slay +2)
You are too large for most types of armour.
You have claws for hands.
Your natural rate of healing is unusually fast.
You are covered in fur. (AC +1)
You have tough skin. (AC +1)


Message History

You kill the goblin!
You feel very sick.
The gnoll hits you from afar with a +0 spear.
The adder bites you but does no damage.
You hit the adder.
The adder is poisoned.
The adder is moderately wounded.
You feel very sick.
The gnoll hits you from afar with a +0 spear.
The adder barely misses you.
You hit the adder.
You kill the adder!
You feel sick.
The gnoll hits you from afar with a +0 spear!
You miss the quokka. You claw the quokka.
You kill the quokka!
You feel sick. The gnoll closely misses you.
The gnoll hits you but does no damage.
You hit the kobold.
The kobold is poisoned.
The kobold is moderately wounded.
You feel sick.
You kill the kobold!
The gnoll misses you.
The gnoll hits you from afar with a +0 spear.
You swing at nothing.
You feel sick.
The gnoll hits you from afar with a +0 spear.
* * * LOW HITPOINT WARNING * * *
The gnoll barely misses you.
You barely miss the gnoll.
You feel sick. The gnoll closely misses you.
The gnoll hits you with a +0 flail!
* * * LOW HITPOINT WARNING * * *
The gnoll barely misses you.
You barely miss the gnoll.
You feel sick. The gnoll misses you. The gnoll barely misses you.
The gnoll hits you from afar with a +0 spear.
* * * LOW HITPOINT WARNING * * *
You hit the gnoll.
The gnoll is poisoned.
The gnoll is moderately wounded.
You feel sick. The gnoll closely misses you.
The gnoll hits you with a +0 flail.
You die...

#.##....##
##..#.### #.....#
#.##..# ##+
#.##.># ....
#.##### ..... #.#
.....g###.#
.._.Kggh..#
.....g##..########
.=... ##.........
.... #########.
##+


You could see 4 gnolls and a kobold.

Vanquished Creatures
  A black bear (D:4)
  An orc priest (D:3)
  Natasha (twice) (D:3)
  A hell rat (Sewer)
  8 adders
  A river rat (Sewer)
  A worm (D:3)
  2 dart slugs
  8 orcs
  4 ball pythons
  4 bats
  6 endoplasms
  4 giant cockroaches
  6 goblins
  5 hobgoblins
  3 jackals (D:4)
  A quokka (D:4)
  4 frilled lizards
  7 kobolds
  10 rats
79 creatures vanquished.

Notes
Turn   | Place    | Note
-------+----------+-------------------------------------------
     0 | D:1      | BigPumpCobain the Troll Shapeshifter began the quest for
                  | the Orb.
     0 | D:1      | Reached XP level 1. HP: 18/18 MP: 0/0
    82 | D:1      | Reached skill level 1 in Fighting
   111 | D:1      | Reached XP level 2. HP: 27/27 MP: 1/1
   584 | D:2      | Reached XP level 3. HP: 33/33 MP: 2/2
   699 | D:2      | Reached skill level 4 in Unarmed Combat
   996 | D:2      | Reached XP level 4. HP: 41/41 MP: 3/3
  1171 | D:3      | Reached XP level 5. HP: 36/49 MP: 4/4
  1385 | D:3      | Found a transporter.
  1389 | D:3      | Noticed RockinRobin's ghost (amateur GnWn)
  1390 | D:3      | Identified the +5 giant club of Qocoppe {flame, Drain MP+9
                  | Dex+2}
  1390 | D:3      | Noticed an ogre
  1391 | D:3      | Noticed an ogre
  1467 | D:3      | Found a glowing drain.
  1476 | Sewer    | Entered a sewer
  1795 | D:3      | Noticed Natasha
  1802 | D:3      | Killed Natasha
  1803 | D:3      | Reached skill level 5 in Unarmed Combat
  1982 | D:3      | Noticed Natasha
  1991 | D:3      | Killed Natasha
  2024 | D:4      | Noticed a black bear
  2034 | D:4      | Killed a black bear
  2035 | D:4      | Reached XP level 6. HP: 40/59 MP: 5/5
  2270 | D:4      | Found a radiant altar of Vehumet.
  2283 | D:4      | Slain by a gnoll

Illustrated notes

Levels and vault maps discovered:
D:1:      saegor_arrival_under_anarchy, layout_basic, minmay_bisected
D:2:      layout_basic, serial_glass, glass_columns_a, glass_columns_a
D:3:      layout_basic, gammafunk_ghost_smash, cheibrodos_sewer_entry_bend,
          uniq_natasha
D:4:      layout_basic, nicolae_vehumet_altar_sigil

Skill      XL: |  1  2  3  4  5 |
---------------+----------------+-----
Fighting       | 1 2 |  2.6
Unarmed Combat | 4 5 |  5.6
Shapeshifting  | 4 |  4.2
Dodging        | |  1.5

Action                     |  1- 3 |  4- 6 || total
---------------------------+-------+-------++-------
  Melee: Unarmed           |    82 |    10 ||    92
         Dagger            |       |   124 ||   124
         Punch             |       |     4 ||     4
Ability: Begin Untransform |       |     2 ||     2
 Armour: Animal skin       |    53 |    91 ||   144
  Dodge: Dodged            |    34 |    69 ||   103
   Form: Blade             |       |     1 ||     1
         Beast             |       |     1 ||     1

Table legend: (Time is in decaauts)
 A = Elapsed time spent in this place.
 B = Non-inter-level travel time spent in this place.
 C = Inter-level travel time spent in this place.
 D = Time resting spent in this place.
 E = Time spent auto-exploring this place.
 F = Levels seen in this place.
 G = Mean time per level.
                   A        B        C        D        E       F      G
               +--------+--------+--------+--------+--------+-----+--------+
         Total |   2286 |   1948 |    338 |     35 |   1325 |   5 |  457.2 |
       Dungeon |   2167 |   1829 |    338 |     27 |   1279 |   4 |  541.8 |
         Sewer |    119 |    119 |      0 |      8 |     46 |   1 |  119.0 |
               +--------+--------+--------+--------+--------+-----+--------+

Top non-repeatable levels by time:
     D:3: 858 daAuts
     D:1: 534 daAuts
     D:2: 492 daAuts
     D:4: 281 daAuts
   Sewer: 119 daAuts
